 Dungeon Crawl Stone Soup version 0.30-a0-691-g754fce4c43 (webtiles) character file.

Game seed: 11629194321849233695

66 Leeroy the Slasher (level 4, -1/26 HPs)
             Began as a Tengu Warper on Jan 19, 2023.
             Slain by Sigmund
             ... wielding a +2 antimagic scythe
              (3 damage)
             ... on level 3 of the Dungeon.
             The game lasted 00:01:40 (1653 turns).

Leeroy the Slasher (Tengu Warper)                   Turns: 1653, Time: 00:01:40

Health: -1/26      AC:  4    Str: 11    XL:     4   Next: 15%
Magic:  6/8        EV: 12    Int: 13    God:
Gold:   99         SH:  0    Dex: 16    Spells: 2/7 levels left

rFire   . . .      SeeInvis .    a - +0 falchion
rCold   . . .      Faith    .    (no shield)
rNeg    . . .      Spirit   .    b - +0 leather armour
rPois   .          Reflect  .    (helmet restricted)
rElec   .          Harm     .    f - +0 cloak
rCorr   .          Rampage  .    (no gloves)
Will    .....                    (boots unavailable)
Stlth   +                        (no amulet)
HPRegen 0.24/turn                (no ring)
MPRegen 0.11/turn                (no ring)

@: no status effects
A: beak, talons 3
a: no special abilities


You were on level 3 of the Dungeon.
You visited 1 branch of the dungeon, and saw 3 of its levels.

You collected 99 gold pieces.

Inventory:

Hand Weapons
 a - a +0 falchion (weapon)
Missiles
 d - 10 boomerangs of dispersal (quivered)
 i - 4 javelins
 s - 2 poisoned darts
Armour
 b - a +0 leather armour (worn)
 f - a +0 cloak (worn)
Scrolls
 c - a scroll of blinking
 e - 2 scrolls of enchant armour {unknown}
 g - a scroll of poison {unknown}
 h - a scroll of noise {unknown}
 j - a scroll of fog {unknown}
 l - a scroll of vulnerability {unknown}
 n - a scroll of teleportation {unknown}
 p - 5 scrolls of identify {unknown}
Potions
 k - a potion of degeneration {unknown}
 m - 2 potions of lignification {unknown}
 o - a potion of might {unknown}
 q - a potion of invisibility {unknown}
 r - a potion of curing {unknown}


   Skills:
 - Level 2.0 Fighting
 + Level 4.7 Long Blades
 - Level 1.0 Throwing
 - Level 1.1 Armour
 - Level 2.1 Dodging
 - Level 2.0 Spellcasting
 - Level 2.4 Translocations


You had 2 spell levels left.
You knew the following spells:

 Your Spells              Type           Power      Damage    Failure   Level
a - Blink                 Tloc           14%        N/A       19%         2
b - Vhi's Electric Charg  Tloc/Air       8%         N/A       52%         3

Your spell library contained the following spells:

 Spells                   Type           Power      Damage    Failure   Level
 Lesser Beckoning         Tloc           14%        N/A       19%         2
 Freeze                   Ice            4%         1d3       32%         1
 Teleport Other           Tloc           7%         N/A       36%         3
 Frozen Ramparts          Ice            2%         1d1       69%         3
 Hailstorm                Conj/Ice       1%         3d3       69%         3
 Ignite Poison            Fire/Tmut/Pois 1%         N/A       69%         3
 Manifold Assault         Tloc           7%         N/A       77%         4
 Sticky Flame             Conj/Fire      1%         2d3       97%         4
 Ignition                 Fire           0%         3d3       100%        8


Dungeon Overview and Level Annotations

Branches:
Dungeon (3/15)

Altars:
Ru

Annotations:
D:3 Sigmund


Innate Abilities, Weirdness & Mutations

You have a beak for a mouth.
You have claws for feet.


Message History

You kill the orc!
A kobold comes into view. It is wielding a +0 club.
The ball python barely misses you. The ball python grabs you.
The ball python constricts you.
You escape the ball python's grasp.
The ball python attacks as you move away!
The ball python bites you but does no damage.
The bat hits you but does no damage. The bat attacks as you move away!
The bat closely misses you. x2
The ball python bites you but does no damage.
The ball python closely misses you.
Found a book of Rime.
The bat closely misses you.
A puff of flame appears from out of thin air!
The puff of flame hits you!
The ball python attacks as you move away!
The ball python bites you but does no damage.
The ball python completely misses you.
The ball python bites you but does no damage.
The ball python grabs you. The ball python constricts you.
The bat closely misses you.
You escape the ball python's grasp.
The bat hits you but does no damage. x2
You hit the ball python.
You kill the ball python!
The bat barely misses you.
You hit the bat. Your kick misses the bat. Your peck misses the bat.
The bat is severely wounded.
The bat barely misses you. The bat closely misses you.
You slash the bat!
You kill the bat!
Something hits you.
You feel your power leaking away. Something barely misses you.
You closely miss something. Something hits you but does no damage.
You miss something. Your kick misses something. You slash something!
Something hits you!
* * * LOW HITPOINT WARNING * * *
You feel your power leaking away.
You barely miss something. Something hits you.
You die...

........................
≈.≈≈≈≈≈.................
≈.≈###≈.$...###.........
≈.≈ #≈.....# #....###..
≈.≈###≈.....# #....# ##.
≈.≈≈≈≈≈.##### #....# ##
........# #....# #
≈.≈≈≈≈≈†# #....# #
≈.≈###≈@# ..#### # ≈.≈
#≈.# .### # ≈. #≈.# .# #
≈≈≈.# # ...:..# #
≈.≈≈≈≈≈.# ≈.≈###≈.. ≈.≈
#≈.. ####### ≈. #≈.#
#.....#


There were no monsters in sight!

Vanquished Creatures
  2 adders
  A worm (D:2)
  2 dart slugs (D:1)
  An orc (D:3)
  10 bats
  4 endoplasms
  A giant cockroach (D:2)
  A goblin (D:1)
  A hobgoblin (D:2)
  3 jackals (D:1)
  A quokka (D:3)
  5 ball pythons
  A frilled lizard (D:2)
  2 kobolds (D:2)
  5 rats
40 creatures vanquished.

Vanquished Creatures (others)
  5 plants (D:3)
5 creatures vanquished.

Grand Total: 45 creatures vanquished

Notes
Turn   | Place    | Note
-------+----------+-------------------------------------------
     0 | D:1      | Leeroy the Tengu Warper began the quest for the Orb.
     0 | D:1      | Reached XP level 1. HP: 12/12 MP: 4/4
    86 | D:1      | Reached skill level 3 in Long Blades
    86 | D:1      | Reached XP level 2. HP: 15/17 MP: 6/6
   696 | D:2      | Reached XP level 3. HP: 21/21 MP: 7/7
   796 | D:2      | Learned a level 2 spell: Blink
   800 | D:2      | Learned a level 3 spell: Vhi's Electric Charge
   862 | D:2      | Reached skill level 4 in Long Blades
  1500 | D:3      | Found a sacrificial altar of Ru.
  1508 | D:3      | Reached XP level 4. HP: 26/26 MP: 8/8
  1631 | D:3      | Noticed Sigmund
  1652 | D:3      | HP: 1/26 [something (12)]
  1653 | D:3      | Slain by Sigmund

Illustrated notes

Levels and vault maps discovered:
D:1:      minmay_arrival_plants_in_alcoves, layout_loops_cross
D:2:      layout_loops_ring, chequers_arboretum, eino_tiny_chamber
D:3:      layout_basic, nicolae_hepliaklqana_hazy_memory, lemuel_doored_altar,
          kennysheep_boxes, uniq_robin, uniq_sigmund, uniq_pargi

Skill      XL: |  1  2  3 |
---------------+----------+-----
Long Blades    | 3 4 |  4.7
Fighting       | |  2.0
Throwing       | |  1.0
Armour         | |  1.1
Dodging        | |  2.1
Spellcasting   | |  2.0
Translocations | |  2.4

Action                   |  1- 3 |  4- 6 || total
-------------------------+-------+-------++-------
Melee: Falchion          |    80 |    13 ||    93
       Kick              |    14 |     1 ||    15
       Peck              |     6 |       ||     6
       Punch             |     1 |       ||     1
 Stab: Sleeping          |     2 |       ||     2
Armor: Leather armour    |    31 |    11 ||    42
Dodge: Dodged            |    41 |    15 ||    56

Table legend: (Time is in decaauts)
 A = Elapsed time spent in this place.
 B = Non-inter-level travel time spent in this place.
 C = Inter-level travel time spent in this place.
 D = Time resting spent in this place.
 E = Time spent auto-exploring this place.
 F = Levels seen in this place.
 G = Mean time per level.
                   A        B        C        D        E       F      G
               +--------+--------+--------+--------+--------+-----+--------+
         Total |   1663 |   1606 |     57 |      0 |   1306 |   3 |  554.3 |
       Dungeon |   1663 |   1606 |     57 |      0 |   1306 |   3 |  554.3 |
               +--------+--------+--------+--------+--------+-----+--------+

Top non-repeatable levels by time:
     D:2: 784 daAuts
     D:1: 696 daAuts
     D:3: 182 daAuts
